cohdb
Replays
Latest Replays
All Replays
Popular Replays
Top Player Replays
Match Explorer
How It Works
Community
CoH3 Stats
Reddit
Sign in to upload your games and track your stats! →
Sign in with Steam
Match 41443879
Unlisted
Match 41443879
Overview
Messages
Build Orders
End
Kradschützen Motorcycle Team
Panzerpioneer Squad
Panzerpioneer Squad
250 Light Carrier
Panzergrenadier Squad
Construct Light Support Kompanie
MG34 Team
Panzerjäger Mechanized Group
Combat Half-tracks
Selects Battlefield Espionage Battlegroup
Selects Sector Subterfuge Beacon
Selects Plunder
Panzerjäger Squad
Construct Mechanized Kompanie
Support Armor Elements
StuG III D Assault Gun
Pak 38 Mechanized Group
Vehicle Survival Package
Construct Panzerarmee Kommand
Panzer III L Medium Tank
Emergency Repair Kits
Rapid Advance
Panzer III L Medium Tank
Selects 250/3 Funkpanzerwagen
Selects Anti-Tank Incendiary Munitions
Selects Disruption Operation
Selects Operation Skorpion
Panzer III L Medium Tank
Tungsten Core Ammunition
(502) Bad Gateway
BearFungus
0
0
Comments
sign in to comment!
No comments posted yet!